| TOP OF THE 1ST |
|
Port Lavaca Indians batting - Pitching for Sarasota Eagles : LHP Juan Nieves
|
|
Pitching: LHP Juan Nieves
|
|
|
Batting: RHB Jeff Schugel
|
0-0: Called Strike 0-1: Ball 1-1: Foul Ball, location: 2F 1-2: Ball 2-2: Strikes out swinging
|
|
Batting: LHB Raul Dominguez
|
0-0: Called Strike 0-1: Reached on error, E5 (Groundball, 5, EV 88.8 MPH)
|
|
Batting: LHB Antonio Huerta
|
0-0: Called Strike 0-1: Called Strike 0-2: Strikes out looking
|
|
Batting: RHB Ramon Sarmiento
|
0-0: Called Strike 0-1: Ball 1-1: Swinging Strike 1-2: Strikes out swinging
|
| Top of the 1st over - 0 runs, 0 hits, 1 error, 1 left on base; Port Lavaca 0 - Sarasota 0 |
| BOTTOM OF THE 1ST |
|
Sarasota Eagles batting - Pitching for Port Lavaca Indians : LHP Vance Lovelace
|
|
Pitching: LHP Vance Lovelace
|
|
|
Batting: SHB Ramon Sambo
|
0-0: Called Strike 0-1: Swinging Strike 0-2: Ground out 4-3 (Groundball, 4, EV 98.8 MPH)
|
|
Batting: RHB Gary Appino
|
0-0: Ball 1-0: Ball 2-0: Ball 3-0: Base on Balls
|
|
Pitching: RHP Steven Yenser
|
|
|
Batting: RHB Thomas Brassil
|
0-0: Ball 1-0: Ball 2-0: Foul Ball, location: 2F 2-1: Fly out, F8 (Line Drive, 8LM, EV 85.0 MPH)
|
|
Batting: RHB Darrin Jackson
|
0-0: Ball 1-0: Ball Gary Appino steals 2nd base 2-0: Called Strike 2-1: 2-RUN HOME RUN (Line Drive, 78XD, EV 102.5 MPH), Distance : 421 ft
|
|
Batting: RHB Jose Estrada
|
0-0: Called Strike 0-1: Ball 1-1: Ball 2-1: DOUBLE (Line Drive, 7LS, EV 95.0 MPH)
|
|
Batting: SHB Todd Mabe
|
0-0: Ball 1-0: Ball 2-0: Ground out 4-3 (Groundball, 4, EV 85.0 MPH)
|
| Bottom of the 1st over - 2 runs, 2 hits, 0 errors, 1 left on base; Port Lavaca 0 - Sarasota 2 |
| TOP OF THE 2ND |
|
Port Lavaca Indians batting - Pitching for Sarasota Eagles : LHP Juan Nieves
|
|
Batting: LHB Wally Joyner
|
0-0: Called Strike 0-1: Swinging Strike 0-2: Foul Ball, location: 2F 0-2: Ball 1-2: Foul Ball, location: 2F 1-2: Foul Ball, location: 2F 1-2: Foul Ball, location: 2F 1-2: Foul Ball, location: 2F 1-2: Strikes out swinging
|
|
Batting: RHB Jeffrey Rhodes
|
0-0: Ball 1-0: Swinging Strike 1-1: Foul Ball, location: 2F 1-2: Fly out, F9 (Flyball, 89M, EV 88.8 MPH)
|
|
Batting: RHB DeMarlo Hale
|
0-0: Reached on error, E6 (Groundball, 6, EV 90.0 MPH)
|
|
Batting: RHB Robbie Wine
|
0-0: Called Strike 0-1: Ball 1-1: Ball DeMarlo Hale steals 2nd base 2-1: Ball 3-1: Base on Balls
|
|
Batting: RHB Robert Mills
|
0-0: Fly out, F9 (Flyball, 89M, EV 86.3 MPH)
|
| Top of the 2nd over - 0 runs, 0 hits, 1 error, 2 left on base; Port Lavaca 0 - Sarasota 2 |
| BOTTOM OF THE 2ND |
|
Sarasota Eagles batting - Pitching for Port Lavaca Indians : RHP Steven Yenser
|
|
Batting: LHB Dave Martinez
|
0-0: Ball 1-0: Called Strike 1-1: Ball 2-1: Ball 3-1: Base on Balls
|
|
Batting: RHB Matt Stark
|
0-0: Called Strike 0-1: Swinging Strike 0-2: Fly out, F9 (Flyball, 9D, EV 99.4 MPH)
|
|
Batting: LHB Jesus Mercado
|
0-0: Called Strike 0-1: Ball 1-1: Ball 2-1: Ball Dave Martinez steals 2nd base 3-1: Swinging Strike 3-2: Strikes out looking
|
|
Batting: SHB Ramon Sambo
|
0-0: Called Strike 0-1: Ball 1-1: Called Strike 1-2: Strikes out swinging
|
| Bottom of the 2nd over - 0 runs, 0 hits, 0 errors, 1 left on base; Port Lavaca 0 - Sarasota 2 |
| TOP OF THE 3RD |
|
Port Lavaca Indians batting - Pitching for Sarasota Eagles : LHP Juan Nieves
|
|
Batting: RHB Jeff Schugel
|
0-0: Swinging Strike 0-1: Reached on error, E6 (Popup, 56D, EV 53.1 MPH)
|
|
Batting: LHB Raul Dominguez
|
0-0: Foul Ball, location: 2F 0-1: Foul Ball, location: 2F 0-2: Ball 1-2: Strikes out swinging
|
|
Batting: LHB Antonio Huerta
|
0-0: Called Strike 0-1: Called Strike 0-2: Foul Ball, location: 2F 0-2: Fly out, F8 (Flyball, 8RD, EV 98.1 MPH) Runner from 1st tags up, SAFE at 2nd
|
|
Batting: RHB Ramon Sarmiento
|
0-0: Ball 1-0: Foul Ball, location: 2F 1-1: Ball 2-1: Foul Ball, location: 2F 2-2: Strikes out swinging
|
| Top of the 3rd over - 0 runs, 0 hits, 1 error, 1 left on base; Port Lavaca 0 - Sarasota 2 |
| BOTTOM OF THE 3RD |
|
Sarasota Eagles batting - Pitching for Port Lavaca Indians : RHP Steven Yenser
|
|
Batting: RHB Gary Appino
|
0-0: Called Strike 0-1: Ball 1-1: Foul Ball, location: 2F 1-2: Strikes out swinging
|
|
Batting: RHB Thomas Brassil
|
0-0: Called Strike 0-1: Foul Ball, location: 2F 0-2: Fly out, F8 (Flyball, 78M, EV 92.5 MPH)
|
|
Batting: RHB Darrin Jackson
|
0-0: SINGLE (Groundball, 4M, EV 105.6 MPH)
|
|
Batting: RHB Jose Estrada
|
0-0: Ball Darrin Jackson steals 2nd base 1-0: Ball 2-0: Ball 3-0: Called Strike 3-1: Foul Ball, location: 2F 3-2: Strikes out looking
|
| Bottom of the 3rd over - 0 runs, 1 hit, 0 errors, 1 left on base; Port Lavaca 0 - Sarasota 2 |
| TOP OF THE 4TH |
|
Port Lavaca Indians batting - Pitching for Sarasota Eagles : LHP Juan Nieves
|
|
Batting: LHB Wally Joyner
|
0-0: Ball 1-0: Ball 2-0: Called Strike 2-1: Foul Ball, location: 2F 2-2: Ground out U3 (Groundball, 13, EV 82.5 MPH)
|
|
Batting: RHB Jeffrey Rhodes
|
0-0: Ball 1-0: Foul Ball, location: 2F 1-1: Ball 2-1: Swinging Strike 2-2: Ball 3-2: Strikes out swinging
|
|
Batting: RHB DeMarlo Hale
|
0-0: Swinging Strike 0-1: Ball 1-1: Swinging Strike 1-2: Strikes out swinging
|
| Top of the 4th over - 0 runs, 0 hits, 0 errors, 0 left on base; Port Lavaca 0 - Sarasota 2 |
| BOTTOM OF THE 4TH |
|
Sarasota Eagles batting - Pitching for Port Lavaca Indians : RHP Steven Yenser
|
|
Batting: SHB Todd Mabe
|
0-0: Ball 1-0: Foul Ball, location: 2F 1-1: Ball 2-1: Swinging Strike 2-2: Strikes out looking
|
|
Batting: LHB Dave Martinez
|
0-0: Ball 1-0: Called Strike 1-1: Ball 2-1: Fly out, F5 (Popup, 5SF, EV 77.5 MPH)
|
|
Batting: RHB Matt Stark
|
0-0: Fly out, F9 (Flyball, 89D, EV 84.4 MPH)
|
| Bottom of the 4th over - 0 runs, 0 hits, 0 errors, 0 left on base; Port Lavaca 0 - Sarasota 2 |
| TOP OF THE 5TH |
|
Port Lavaca Indians batting - Pitching for Sarasota Eagles : LHP Juan Nieves
|
|
Batting: RHB Robbie Wine
|
0-0: Swinging Strike 0-1: Ball 1-1: Foul Ball, location: 2F 1-2: Ball 2-2: Strikes out swinging
|
|
Batting: RHB Robert Mills
|
0-0: Foul Ball, location: 2F 0-1: Foul Ball, location: 2F 0-2: Foul Ball, location: 2F 0-2: Foul Ball, location: 2F 0-2: Strikes out swinging
|
|
Batting: RHB Jeff Schugel
|
0-0: Ball 1-0: Called Strike 1-1: Swinging Strike 1-2: Ball 2-2: Ball 3-2: Reached via error on a dropped throw from 1B, E1 (Groundball, 34, EV 106.3 MPH)
|
|
Batting: LHB Raul Dominguez
|
0-0: Ball 1-0: Called Strike 1-1: Foul Ball, location: 2F 1-2: Strikes out swinging
|
| Top of the 5th over - 0 runs, 0 hits, 1 error, 1 left on base; Port Lavaca 0 - Sarasota 2 |
| BOTTOM OF THE 5TH |
|
Sarasota Eagles batting - Pitching for Port Lavaca Indians : RHP Steven Yenser
|
|
Batting: LHB Jesus Mercado
|
0-0: Foul Ball, location: 2F 0-1: Swinging Strike 0-2: Foul Ball, location: 2F 0-2: Ball 1-2: Ball 2-2: Fly out, F9 (Flyball, 9S, EV 80.0 MPH)
|
|
Batting: SHB Ramon Sambo
|
0-0: Ball 1-0: Ground out 4-3 (Groundball, 4, EV 89.4 MPH)
|
|
Batting: RHB Gary Appino
|
0-0: Ball 1-0: SINGLE (Line Drive, 6MD, EV 105.6 MPH)
|
|
Batting: RHB Thomas Brassil
|
0-0: Ball 1-0: Foul Ball, location: 2F 1-1: SINGLE (Groundball, 56D, EV 106.9 MPH) Gary Appino to second
|
|
Batting: RHB Darrin Jackson
|
0-0: Ball 1-0: Foul Ball, location: 2F 1-1: Foul Ball, location: 2F 1-2: Ball 2-2: Ball 3-2: Foul Ball, location: 2F 3-2: Foul Ball, location: 2F 3-2: 3-RUN HOME RUN (Flyball, 78XD, EV 106.9 MPH), Distance : 416 ft
|
|
Pitching: RHP Mark Leonette
|
|
|
Batting: RHB Jose Estrada
|
0-0: Called Strike 0-1: Ball 1-1: Foul Ball, location: 2F 1-2: SOLO HOME RUN (Flyball, 7D, EV 105.0 MPH), Distance : 373 ft
|
|
Batting: SHB Todd Mabe
|
0-0: Foul Ball, location: 2F 0-1: Foul Ball, location: 2F 0-2: Foul Ball, location: 2F 0-2: Ball 1-2: Foul Ball, location: 2F 1-2: TRIPLE (Flyball, 78XD, EV 108.1 MPH)
|
|
Batting: LHB Dave Martinez
|
0-0: Foul Ball, location: 2F 0-1: Foul Ball, location: 2F 0-2: Ball 1-2: Strikes out looking
|
| Bottom of the 5th over - 4 runs, 5 hits, 0 errors, 1 left on base; Port Lavaca 0 - Sarasota 6 |
| TOP OF THE 6TH |
|
Port Lavaca Indians batting - Pitching for Sarasota Eagles : LHP Juan Nieves
|
|
Batting: LHB Antonio Huerta
|
0-0: Ball 1-0: Called Strike 1-1: Swinging Strike 1-2: Strikes out swinging
|
|
Batting: RHB Ramon Sarmiento
|
0-0: Ball 1-0: Ground out 5-3 (Groundball, 56S, EV 93.8 MPH)
|
|
Batting: LHB Wally Joyner
|
0-0: Ball 1-0: Ball 2-0: Called Strike 2-1: SINGLE (Groundball, 34D, EV 98.8 MPH)
|
|
Batting: RHB Jeffrey Rhodes
|
0-0: Called Strike 0-1: Ball 1-1: Swinging Strike 1-2: Ball 2-2: Strikes out swinging
|
| Top of the 6th over - 0 runs, 1 hit, 0 errors, 1 left on base; Port Lavaca 0 - Sarasota 6 |
| BOTTOM OF THE 6TH |
|
Sarasota Eagles batting - Pitching for Port Lavaca Indians : RHP Mark Leonette
|
|
Batting: RHB Matt Stark
|
0-0: Foul Ball, location: 2F 0-1: Ball 1-1: Called Strike 1-2: SINGLE (Line Drive, 89M, EV 108.1 MPH)
|
|
Batting: LHB Jesus Mercado
|
0-0: Ball 1-0: Ball 2-0: Ball 3-0: Base on Balls Matt Stark to second
|
|
Batting: SHB Ramon Sambo
|
0-0: Called Strike 0-1: Swinging Strike 0-2: Strikes out swinging
|
|
Batting: RHB Gary Appino
|
0-0: Foul Ball, location: 2F 0-1: Foul Ball, location: 2F 0-2: Fly out, F7 (Flyball, 7LS, EV 81.3 MPH)
|
|
Batting: RHB Thomas Brassil
|
0-0: Ball 1-0: Ball 2-0: Ball 3-0: Called Strike 3-1: Swinging Strike 3-2: Base on Balls Matt Stark to third Jesus Mercado to second
|
|
Batting: RHB Darrin Jackson
|
0-0: Ball 1-0: Swinging Strike 1-1: Ball 2-1: Foul Ball, location: 2F 2-2: Ball 3-2: Base on Balls Matt Stark scores Jesus Mercado to third Thomas Brassil to second
|
|
Batting: RHB Jose Estrada
|
0-0: SINGLE (Flyball, 4D, EV 84.4 MPH) Jesus Mercado scores Thomas Brassil to third Darrin Jackson to second Runner from 3rd tries for Home, SAFE, throw by CF to home
|
|
Batting: SHB Todd Mabe
|
0-0: Swinging Strike 0-1: Foul Ball, location: 2F 0-2: SINGLE (Groundball, 4D, EV 97.5 MPH) Darrin Jackson to third Jose Estrada to second Runner from 3rd tries for Home, SAFE, throw by RF to home
|
|
Pitching: RHP Michael Shuleeta
|
|
|
Batting: LHB Dave Martinez
|
0-0: Ball 1-0: Foul Ball, location: 2F 1-1: Called Strike 1-2: Foul Ball, location: 2F 1-2: Ball 2-2: Foul Ball, location: 2F 2-2: Foul Ball, location: 2F 2-2: Ball 3-2: Foul Ball, location: 2F 3-2: Base on Balls Jose Estrada to third Todd Mabe to second
|
|
Batting: RHB Matt Stark
|
0-0: Called Strike 0-1: Foul Ball, location: 2F 0-2: Ball 1-2: Fly out, F8 (Line Drive, 8LD, EV 95.6 MPH)
|
| Bottom of the 6th over - 4 runs, 3 hits, 0 errors, 3 left on base; Port Lavaca 0 - Sarasota 10 |
| TOP OF THE 7TH |
|
Port Lavaca Indians batting - Pitching for Sarasota Eagles : LHP Juan Nieves
|
|
Pitching: RHP Dave Lenderman
|
|
|
Batting: RHB DeMarlo Hale
|
0-0: Called Strike 0-1: Called Strike 0-2: Foul Ball, location: 2F 0-2: Ball 1-2: Ball 2-2: Ground out 6-3 (Groundball, 6, EV 95.0 MPH)
|
|
Batting: RHB Robbie Wine
|
0-0: Called Strike 0-1: Foul Ball, location: 2F 0-2: Foul Ball, location: 2F 0-2: Ball 1-2: Strikes out swinging
|
|
Batting: RHB Robert Mills
|
0-0: Foul Ball, location: 2F 0-1: Foul Ball, location: 2F 0-2: Ground out 4-3 (Groundball, 4S, EV 83.8 MPH)
|
| Top of the 7th over - 0 runs, 0 hits, 0 errors, 0 left on base; Port Lavaca 0 - Sarasota 10 |
| BOTTOM OF THE 7TH |
|
Sarasota Eagles batting - Pitching for Port Lavaca Indians : RHP Michael Shuleeta
|
|
Batting: LHB Jesus Mercado
|
0-0: Swinging Strike 0-1: Ball 1-1: Swinging Strike 1-2: Ball 2-2: Foul Ball, location: 2F 2-2: Strikes out swinging
|
|
Pinch Hitting: RHB Javy Salinas
|
0-0: Ball 1-0: Called Strike 1-1: Called Strike 1-2: Ball 2-2: Strikes out swinging
|
|
Pinch Hitting: LHB Kevin Johnston
|
0-0: Ball 1-0: Fly out, F8 (Flyball, 89D, EV 106.9 MPH)
|
| Bottom of the 7th over - 0 runs, 0 hits, 0 errors, 0 left on base; Port Lavaca 0 - Sarasota 10 |
| TOP OF THE 8TH |
|
Port Lavaca Indians batting - Pitching for Sarasota Eagles : RHP Dave Lenderman
|
|
Now at 2B: Ramon Ozoria
|
|
|
Now in RF: Javy Salinas
|
|
|
Pinch Hitting: RHB Zoilo Sanchez
|
0-0: Ground out 6-3 (Groundball, 6, EV 85.6 MPH)
|
|
Batting: LHB Raul Dominguez
|
0-0: Foul Ball, location: 2F 0-1: Ball 1-1: Ball 2-1: Fly out, F9 (Flyball, 9D, EV 108.8 MPH)
|
|
Batting: LHB Antonio Huerta
|
0-0: Ball 1-0: Foul Ball, location: 2F 1-1: Ball 2-1: Ground out 4-3 (Groundball, 4, EV 77.5 MPH)
|
| Top of the 8th over - 0 runs, 0 hits, 0 errors, 0 left on base; Port Lavaca 0 - Sarasota 10 |
| BOTTOM OF THE 8TH |
|
Sarasota Eagles batting - Pitching for Port Lavaca Indians : RHP Michael Shuleeta
|
|
Now at 3B: Zoilo Sanchez
|
|
|
Batting: RHB Thomas Brassil
|
0-0: SOLO HOME RUN (Flyball, 7D, EV 101.9 MPH), Distance : 362 ft
|
|
Batting: RHB Darrin Jackson
|
0-0: Ball 1-0: Called Strike 1-1: Called Strike 1-2: Strikes out swinging, 2-3 out at first.
|
|
Batting: RHB Jose Estrada
|
0-0: Ball 1-0: Ground out 6-3 (Groundball, 6, EV 86.9 MPH)
|
|
Batting: SHB Todd Mabe
|
0-0: Swinging Strike 0-1: Ball 1-1: Swinging Strike 1-2: Strikes out swinging
|
| Bottom of the 8th over - 1 run, 1 hit, 0 errors, 0 left on base; Port Lavaca 0 - Sarasota 11 |
| TOP OF THE 9TH |
|
Port Lavaca Indians batting - Pitching for Sarasota Eagles : RHP Dave Lenderman
|
|
Batting: RHB Ramon Sarmiento
|
0-0: Called Strike 0-1: Foul Ball, location: 2F 0-2: SINGLE (Groundball, 25, EV 68.1 MPH) (infield hit)
|
|
Pinch Hitting: RHB Jeff Lawson
|
0-0: Grounds into double play, 6-4-3 (Groundball, 6S, EV 94.4 MPH)
|
|
Batting: RHB Jeffrey Rhodes
|
0-0: Fly out, F9 (Flyball, 9S, EV 83.1 MPH)
|
| Top of the 9th over - 0 runs, 1 hit, 0 errors, 0 left on base; Port Lavaca 0 - Sarasota 11 |
|